[Event "Team 45 45 League T45"]
[Site "Internet Chess Club"]
[Date "2010.05.09"]
[Round "1"]
[White "mickeys"]
[Black "smitty120"]
[Result "1-0"]
[WhiteElo "1899"]
[BlackElo "1885"]
[Opening "Dutch"]
[ECO "A87"]
[Time "18:01:17"]
[TimeControl "2700+45"]

1. d4 f5 2. Nf3 Nf6 3. c4 g6 4. Nc3 Bg7 5. g3 d6 6. Bg2 O-O 7. O-O Qe8 8. Qb3
Na6 9. c5+ Kh8 10. cxd6 exd6 11. Be3 Nh5 12. Rac1 f4 13. Bd2 fxg3 14. hxg3 Rb8
15. Nb5 Qd7 16. Nxa7 Qg4 17. Nxc8 Rfxc8 18. Ng5 Bxd4 19. Nf7+ Kg7 20. Bh6+ Kf6
21. Ng5 Rf8 22. Nxh7+ Ke7 23. Bxf8+ Rxf8 24. Nxf8 Nxg3 25. Qf3 Nxe2+ 26. Kh2
Qxf3 27. Bxf3 Nxc1 28. Nxg6+ Kf6 29. Rxc1 Kxg6 30. Bxb7 Nc5 31. Bd5 Bxb2 32. Rc2
Be5+ 33. Kg2 Kf5 34. Bc6 Bd4 35. Rc4 Be5 36. a4 Ke6 37. a5 Ke7 38. Rxc5 {Black
resigns} 1-0

[Event "Team 45 45 League T45"]
[Site "Internet Chess Club"]
[Date "2010.05.11"]
[Round "1"]
[White "dpawn"]
[Black "cknights"]
[Result "0-1"]
[WhiteElo "1830"]
[BlackElo "1792"]
[Opening "QGD Slav: Dutch variation"]
[ECO "D18"]
[Time "19:19:42"]
[TimeControl "2700+45"]

1. d4 d5 2. Nf3 Nf6 3. c4 c6 4. Nc3 dxc4 5. a4 Bf5 6. e3 e6 7. Bxc4 Bb4 8. O-O
Nbd7 9. Qb3 Bxc3 10. bxc3 Nb6 11. Be2 Qc7 12. Ba3 h5 13. Rac1 Bg4 14. a5 Nbd7
15. Rb1 Rb8 16. Qb4 Nd5 17. Qd6 Qxd6 18. Bxd6 Nxc3 19. Bxb8 Nxe2+ 20. Kh1 Nxb8
21. Rxb7 O-O 22. Rxa7 Bxf3 23. gxf3 Nc3 24. Rc1 Nb5 25. Rb7 g5 26. Rc5 f5 27. e4
h4 28. d5 exd5 29. exd5 h3 30. Kg1 Re8 31. Kf1 Nd4 32. d6 Nxf3 33. Re7 Nxh2+ 34.
Kg1 Nf3+ 35. Kh1 Rf8 36. d7 Nxd7 37. Rxd7 Re8 38. Rd1 Re2 39. Rxf5 Rxf2 40. Rd8+
Kg7 41. Rd7+ Kg6 42. Rxf3 Rxf3 43. Rd6+ Kh5 44. Rxc6 Ra3 45. a6 g4 46. Kh2 Kh4
47. Rh6+ Kg5 48. Rc6 Ra2+ 49. Kg1 h2+ 50. Kh1 g3 51. Rc5+ Kg4 52. Rc1 Kh3 {White
resigns} 0-1

[Event "Team 45 45 League T45"]
[Site "Internet Chess Club"]
[Date "2010.05.09"]
[Round "1"]
[White "AVEMARIA"]
[Black "JOHNGALT"]
[Result "0-1"]
[WhiteElo "1716"]
[BlackElo "1765"]
[Opening "Giuoco Piano"]
[ECO "C54"]
[Time "17:00:21"]
[TimeControl "2700+45"]

1. e4 e5 2. Nf3 Nc6 3. Bc4 Bc5 4. c3 Nf6 5. d3 d6 6. O-O a6 7. h3 Ba7 8. Bg5 Na5
9. Bb3 Nxb3 10. Qxb3 Rb8 11. Nbd2 Be6 12. Qc2 h6 13. Be3 Bxe3 14. fxe3 Nd7 15.
d4 c6 16. Rad1 O-O 17. Nb3 Bc4 18. Rfe1 Qe7 19. Na5 Nb6 20. Nxc4 Nxc4 21. b3 Nb6
22. c4 Nd7 23. Rd2 Rbd8 24. Red1 Rfe8 25. dxe5 Nxe5 26. Qc3 Nxf3+ 27. gxf3 Qh4
28. Rg2 g6 29. Kh2 Re6 30. Rdg1 d5 31. exd5 cxd5 32. Qd3 dxc4 33. Qc3 Rd3 34.
Qb4 Rdxe3 35. Qxb7 cxb3 36. axb3 Qf4+ 37. Kh1 Qxf3 38. Qxf3 Rxf3 39. Rg3 Ree3
{White resigns} 0-1

[Event "Team 45 45 League T45"]
[Site "Internet Chess Club"]
[Date "2010.05.07"]
[Round "1"]
[White "QueensCounselor"]
[Black "TerryMalloy"]
[Result "1/2-1/2"]
[WhiteElo "2078"]
[BlackElo "2152"]
[Opening "Petrov: classical attack, Jaenisch variation"]
[ECO "C42"]
[Time "15:35:11"]
[TimeControl "2700+45"]

1. e4 e5 2. Nf3 Nf6 3. Nxe5 d6 4. Nf3 Nxe4 5. d4 d5 6. Bd3 Nc6 7. O-O Be7 8. c4
Nb4 9. Be2 O-O 10. Nc3 Bf5 11. a3 Nxc3 12. bxc3 Nc6 13. Bf4 Rc8 14. Re1 Re8 15.
Bd3 Bxd3 16. Qxd3 dxc4 17. Qxc4 Bd6 18. Rxe8+ Qxe8 19. Bxd6 cxd6 20. Qd3 Qe6 21.
Re1 Qd7 22. Ng5 g6 23. Ne4 Qe7 24. Qd2 d5 25. Nc5 Qc7 26. Qg5 b6 27. Nd3 Kg7 28.
Qxd5 Ne7 29. Qb5 Nf5 30. g3 Qd6 31. Qb3 Qc7 32. Rc1 Qc4 33. Qxc4 Rxc4 34. Kf1
Ra4 35. Ra1 Rc4 36. Rc1 Ra4 {Game drawn by mutual agreement} 1/2-1/2

[Event "Team 45 45 League T45"]
[Site "Internet Chess Club"]
[Date "2010.05.07"]
[Round "1"]
[White "Chess2Play"]
[Black "upsan"]
[Result "0-1"]
[WhiteElo "1683"]
[BlackElo "1834"]
[Opening "Dutch defense, Rubinstein variation"]
[ECO "A40"]
[Time "09:01:50"]
[TimeControl "2700+45"]

1. d4 e6 2. c4 f5 3. Nc3 Nf6 4. Nf3 c6 5. Bg5 Be7 6. e3 O-O 7. Bd3 d5 8. cxd5
exd5 9. Qc2 Ne4 10. Bxe7 Qxe7 11. Ne5 Nd7 12. Nxd7 Bxd7 13. O-O Rf6 14. Bxe4
fxe4 15. Ne2 Raf8 16. Ng3 Rh6 17. f3 Qh4 18. Kf2 exf3 19. Rh1 fxg2+ 20. Kxg2
Bh3+ 21. Kg1 Rf3 22. Qe2 Rxg3+ 23. hxg3 Qxg3+ 24. Qg2 Qxg2# {White checkmated}
0-1

[Event "Team 45 45 League T45"]
[Site "Internet Chess Club"]
[Date "2010.05.07"]
[Round "1"]
[White "qs16"]
[Black "Nakke"]
[Result "1/2-1/2"]
[WhiteElo "1705"]
[BlackElo "1560"]
[Opening "Queen's pawn game"]
[ECO "A45"]
[Time "05:03:05"]
[TimeControl "2700+45"]

1. d4 Nf6 2. Nd2 d5 3. e3 c6 4. Bd3 Bg4 5. Ngf3 Nbd7 6. h3 Bh5 7. O-O e6 8. Qe1
Bg6 9. Qe2 Bd6 10. b3 Ne4 11. Bb2 f5 12. Ne5 Qc7 13. Nxd7 Qxd7 14. c4 O-O 15.
cxd5 exd5 16. a4 Qe7 17. Qd1 Rae8 18. Nxe4 fxe4 19. Be2 Bf5 20. Bg4 Rf6 21. Bxf5
Rxf5 22. Qg4 Rg5 23. Qe2 Rf8 24. f4 exf3 25. Rxf3 Rxf3 26. Qxf3 Rg3 27. Qf5 Rxe3
28. Rf1 Re1 29. Qc8+ Qe8 30. Qf5 Qe3+ 31. Kh1 Rxf1+ 32. Qxf1 Qxb3 33. Qe2 h6 34.
Qe6+ Kh8 35. Qc8+ Kh7 36. Qf5+ Kh8 37. Qc8+ Kh7 38. Qf5+ g6 39. Qf7+ Kh8 40.
Qf6+ Kh7 41. Qf7+ Kh8 42. Qf6+ Kh7 43. Qf7+ Kh8 44. Qf6+ Kh7 45. Qf7+ Kh8 46.
Qf6+ Kh7 {Game drawn by repetition} 1/2-1/2

[Event "Team 45 45 League T45"]
[Site "Internet Chess Club"]
[Date "2010.05.09"]
[Round "1"]
[White "Manders"]
[Black "oldsj"]
[Result "0-1"]
[WhiteElo "1611"]
[BlackElo "1621"]
[Opening "Sicilian: closed"]
[ECO "B23"]
[Time "13:00:27"]
[TimeControl "2700+45"]

1. e4 c5 2. Nc3 d6 3. f4 Nc6 4. Nf3 Nf6 5. Bc4 e6 6. O-O Be7 7. e5 dxe5 8. fxe5
Ng4 9. Qe2 Qc7 10. Nb5 Qb6 11. Nd6+ Bxd6 12. exd6 Nf6 13. d3 O-O 14. Nh4 Nd4 15.
Qe5 Ng4 16. Qg3 Ne2+ {White resigns} 0-1

[Event "Team 45 45 League T45"]
[Site "Internet Chess Club"]
[Date "2010.05.16"]
[Round "1"]
[White "EireChess"]
[Black "natethegreat"]
[Result "1-0"]
[WhiteElo "1746"]
[BlackElo "1829"]
[Opening "Sicilian: Alapin's variation (2.c3)"]
[ECO "B22"]
[Time "16:00:31"]
[TimeControl "2700+45"]

1. e4 c5 2. c3 d5 3. exd5 Qxd5 4. d4 Nf6 5. Nf3 Nc6 6. Be2 Bf5 7. dxc5 Qxc5 8.
Be3 Qa5 9. O-O e6 10. Nbd2 Be7 11. Nh4 Bg6 12. Nxg6 hxg6 13. Nc4 Qc7 14. g3 Nd5
15. Bd2 O-O-O 16. Qc2 Rh7 17. Kg2 f5 18. b4 f4 19. Qxg6 Rh6 20. Qe4 e5 21. b5
Qd7 22. g4 Nf6 23. bxc6 Qc7 24. Qf5+ Kb8 25. Bf3 b5 26. Rab1 a6 27. a4 Ka8 28.
Qxe5 {Black resigns} 1-0

[Event "Team 45 45 League T45"]
[Site "Internet Chess Club"]
[Date "2010.05.11"]
[Round "1"]
[White "avila"]
[Black "GreatBendini"]
[Result "0-1"]
[WhiteElo "1650"]
[BlackElo "1795"]
[Opening "Scandinavian defense"]
[ECO "B01"]
[Time "21:32:54"]
[TimeControl "2700+45"]

1. e4 d5 2. exd5 Nf6 3. Nc3 Nxd5 4. Nxd5 Qxd5 5. d4 Nc6 6. Be3 g6 7. Nf3 Bg4 8.
Be2 Bg7 9. c3 O-O-O 10. O-O Kb8 11. b4 e5 12. c4 Qe4 13. d5 Bxf3 14. gxf3 Qh4
15. Qa4 Nd4 16. Bxd4 exd4 17. Kg2 d3 18. Bxd3 Bxa1 19. Rxa1 Qg5+ 20. Kh1 Qd2 21.
Qc2 Qxc2 22. Bxc2 Rhe8 23. Bd3 Re7 24. Kg2 Rde8 25. a4 f5 26. c5 Re1 27. Ra3
R8e5 28. Bc4 Rc1 29. Ba2 Kc8 30. f4 Re4 31. Re3 Rxe3 32. fxe3 Rc2+ 33. Kf3 Rxa2
{White resigns} 0-1

[Event "Team 45 45 League T45"]
[Site "Internet Chess Club"]
[Date "2010.05.06"]
[Round "1"]
[White "TwoEqualsOne"]
[Black "vkpanch"]
[Result "0-1"]
[WhiteElo "1714"]
[BlackElo "1701"]
[Opening "King's Indian: 4.e4"]
[ECO "E70"]
[Time "21:30:31"]
[TimeControl "2700+45"]

1. d4 Nf6 2. c4 g6 3. Nc3 Bg7 4. e4 d6 5. Bd3 O-O 6. Nge2 e5 7. O-O Ng4 8. Bc2
exd4 9. Nxd4 Ne5 10. Qe2 c5 11. Nb3 Be6 12. Nd5 Nbc6 13. a3 a5 14. h3 a4 15. Nd2
Nd4 16. Qd1 Qh4 17. f4 Bg4 18. hxg4 Nxg4 19. Nf3 Nxf3+ 20. Rxf3 Qh2+ 21. Kf1
Qh1+ 22. Ke2 Qxg2+ 23. Ke1 Nh2 24. Rf2 Qg3 25. Qd3 Qg1+ 26. Ke2 Bd4 27. Ne3 Bxe3
28. Bxe3 Qxa1 29. Rxh2 Qxb2 30. f5 Qe5 31. Rf2 b5 32. f6 bxc4 33. Qd1 Qh5+ 34.
Rf3 Rab8 35. Qf1 Rb2 36. Kd2 Qe5 37. Rf4 Rfb8 38. Qxc4 R8b3 39. Rf3 Rxa3 40. Bd4
Qg5+ 41. Be3 Qg2+ 42. Rf2 Qg3 43. Re2 Raa2 44. Kd3 Qe5 45. Rf2 Ra3+ 46. Kd2 Rb4
47. Qa6 Qc3+ 48. Kd1 Rd4+ 49. Bxd4 Ra1+ 50. Ke2 Re1# {White checkmated} 0-1

[Event "Team 45 45 League T45"]
[Site "Internet Chess Club"]
[Date "2010.05.10"]
[Round "1"]
[White "soccerisfun"]
[Black "ILRE"]
[Result "0-1"]
[WhiteElo "1580"]
[BlackElo "1551"]
[Opening "French: Tarrasch, closed variation"]
[ECO "C05"]
[Time "19:02:03"]
[TimeControl "2700+45"]

1. e4 e6 2. d4 d5 3. Nd2 Nf6 4. e5 Nfd7 5. Bd3 c5 6. c3 Nc6 7. Ndf3 cxd4 8. cxd4
f6 9. exf6 Nxf6 10. Bf4 Qb6 11. Qd2 Bb4 12. Qc3 Bxc3+ 13. bxc3 Qb2 14. Rc1 Ne4
15. Bxe4 dxe4 16. Ng5 O-O 17. Be3 Rxf2 18. Nxe4 Rxg2 19. c4 Nxd4 {White resigns}
0-1

[Event "Team 45 45 League T45"]
[Site "Internet Chess Club"]
[Date "2010.05.08"]
[Round "1"]
[White "SlimeDog2"]
[Black "theophilus"]
[Result "0-1"]
[WhiteElo "2137"]
[BlackElo "2186"]
[Opening "Dutch defense"]
[ECO "A40"]
[Time "16:02:36"]
[TimeControl "2700+45"]

1. d4 e6 2. c4 f5 3. Nf3 Nf6 4. Nc3 Bb4 5. Bd2 O-O 6. g3 d6 7. Bg2 Bxc3 8. Bxc3
Ne4 9. Rc1 Nd7 10. O-O b6 11. Nd2 Nxc3 12. Rxc3 Rb8 13. e4 f4 14. Nf3 Bb7 15.
Re1 fxg3 16. hxg3 e5 17. Bh3 Qe7 18. d5 Bc8 19. b4 a5 20. a3 axb4 21. axb4 Ra8
22. Qd2 Nf6 23. Bxc8 Rfxc8 24. Ng5 Ra4 25. Rc2 Rca8 26. Ne6 Qf7 27. f3 Nh5 28.
Kf2 Ra3 29. Re3 Nxg3 30. Kxg3 Qg6+ 31. Kf2 Qh5 32. Rxa3 Qh2+ 33. Ke3 Rxa3+ 34.
Rc3 Qg1+ 35. Kd3 Ra1 36. Qe2 Re1 37. Nxc7 Qd4+ {White resigns} 0-1

[Event "Team 45 45 League T45"]
[Site "Internet Chess Club"]
[Date "2010.05.08"]
[Round "1"]
[White "chess92192"]
[Black "Memphischess"]
[Result "1-0"]
[WhiteElo "2037"]
[BlackElo "2022"]
[Opening "Bogo-Indian defense, Nimzovich variation"]
[ECO "E11"]
[Time "19:00:48"]
[TimeControl "2700+45"]

1. d4 Nf6 2. c4 e6 3. Nf3 Bb4+ 4. Bd2 Qe7 5. e3 O-O 6. Bd3 a5 7. Nc3 Nc6 8. a3
Bxc3 9. Bxc3 d6 10. O-O a4 11. Bc2 Bd7 12. Bxa4 Nxd4 13. Bxd7 Nxf3+ 14. Qxf3
Nxd7 15. Qxb7 Nc5 16. Qf3 f5 17. b4 Ne4 18. Rfc1 e5 19. a4 Rf6 20. a5 g5 21. Qd1
g4 22. Qd5+ Kg7 23. Qxa8 Rh6 24. Qd5 Qh4 25. Bxe5+ dxe5 26. Qxe5+ Kg6 27. Qf4
Qh5 28. Rc2 g3 29. h3 gxf2+ 30. Rxf2 Nxf2 31. Kxf2 Kg7 32. Qxc7+ Kf8 33. Qf4 Rf6
34. a6 {Black resigns} 1-0

[Event "Team 45 45 League T45"]
[Site "Internet Chess Club"]
[Date "2010.05.08"]
[Round "1"]
[White "Darkwizard1"]
[Black "hewdondada"]
[Result "1/2-1/2"]
[WhiteElo "1936"]
[BlackElo "1840"]
[Opening "Scandinavian (center counter) defense"]
[ECO "B01"]
[Time "16:01:57"]
[TimeControl "2700+45"]

1. e4 d5 2. exd5 Qxd5 3. Nc3 Qa5 4. g3 c6 5. Bg2 Nf6 6. Nge2 Bg4 7. f3 Bf5 8.
O-O e6 9. Kh1 Nbd7 10. Nd4 Bg6 11. Nb3 Qc7 12. d4 Bd6 13. Ne4 Nxe4 14. fxe4 e5
15. Be3 O-O 16. Nd2 exd4 17. Bxd4 Ne5 18. c4 c5 19. Bc3 Rad8 20. Qc2 Ng4 21.
Rae1 Rfe8 22. Qd1 Ne5 23. b3 Be7 24. Qa1 Bg5 25. Bxe5 Rxe5 26. Nf3 Bf6 27. Nxe5
Bxe5 28. Qc1 h6 29. Rd1 Bd4 30. Qf4 Qa5 31. Qh4 Re8 32. a4 Qc3 33. Rf3 Qc2 34.
Rfd3 Qe2 35. Bf3 Bxe4 36. Qxe4 Rxe4 37. Bxe2 Rxe2 38. R1d2 Re1+ 39. Kg2 g5 40.
g4 Kg7 41. h3 Kg6 42. b4 b6 43. a5 f5 44. gxf5+ Kxf5 45. axb6 axb6 46. Rxd4 cxd4
47. Rxd4 Re4 48. Rd6 Rxc4 49. Rxb6 h5 50. b5 g4 51. h4 Rc2+ 52. Kg3 Rc3+ 53. Kf2
Rf3+ 54. Kg2 Rb3 55. Rh6 Rb2+ 56. Kg3 Rb3+ 57. Kf2 Rb2+ 58. Kf1 Kf4 59. Rxh5 Kf3
60. Rf5+ Ke4 61. Rc5 Kf3 62. Rc3+ Kf4 63. Rc5 g3 64. h5 Rb1+ 65. Kg2 Rb2+ 66.
Kg1 Rb1+ 67. Kg2 Rb2+ {Game drawn by mutual agreement} 1/2-1/2

[Event "Team 45 45 League T45"]
[Site "Internet Chess Club"]
[Date "2010.05.12"]
[Round "1"]
[White "mugurelt"]
[Black "kidviper"]
[Result "0-1"]
[WhiteElo "1794"]
[BlackElo "1897"]
[Opening "Queen's Pawn"]
[ECO "B07"]
[Time "16:05:35"]
[TimeControl "2700+45"]

1. d4 d6 2. e4 e5 3. dxe5 dxe5 4. Qxd8+ Kxd8 5. Nf3 f6 6. Be2 c6 7. O-O Bc5 8.
Nbd2 Be6 9. c3 Kc7 10. b4 Be7 11. Bc4 Bxc4 12. Nxc4 Nd7 13. Be3 g6 14. a4 h5 15.
h4 Nh6 16. Bxh6 Rxh6 17. Rad1 Nb6 18. Nb2 Rhh8 19. a5 Nc8 20. Nc4 Nd6 21. Nxd6
Bxd6 22. Rd3 Rad8 23. Rfd1 Be7 24. Kf1 b6 25. a6 b5 26. Ke2 Rxd3 27. Rxd3 Rd8
28. Kd2 Rxd3+ 29. Kxd3 Kb6 30. Kc2 Kxa6 31. Kb3 Kb6 32. c4 c5 33. Ne1 cxb4 34.
Nd3 a5 35. cxb5 Kxb5 36. f4 a4+ 37. Kb2 Kc4 38. Kc2 b3+ 39. Kd2 Bb4+ 40. Ke2 a3
41. fxe5 fxe5 42. Nxe5+ Kc3 43. Nxg6 b2 {White resigns} 0-1

[Event "Team 45 45 League T45"]
[Site "Internet Chess Club"]
[Date "2010.05.06"]
[Round "1"]
[White "Ptzz"]
[Black "Malacar"]
[Result "1-0"]
[WhiteElo "2084"]
[BlackElo "2085"]
[Opening "Dutch defense: Dutch-Indian (Nimzo-Dutch) variation"]
[ECO "A90"]
[Time "14:00:26"]
[TimeControl "2700+45"]

1. d4 e6 2. c4 f5 3. g3 Nf6 4. Bg2 Bb4+ 5. Nd2 O-O 6. Nf3 b6 7. a3 Bxd2+ 8. Nxd2
c6 9. O-O Bb7 10. b4 a5 11. Bb2 d5 12. Qc2 Qe7 13. b5 cxb5 14. cxb5 Nbd7 15. Nf3
Ne4 16. Qd3 Rac8 17. Rac1 Nd6 18. Nd2 Nf6 19. a4 Nfe4 20. Ba3 Nxd2 21. Qxd2 Nc4
22. Bxe7 Nxd2 23. Bxf8 Nxf1 24. Rxc8 Bxc8 25. Bd6 Nd2 26. Bc7 Nc4 27. e3 Bd7 28.
Bf1 Kf7 29. Bxc4 dxc4 30. Kf1 e5 31. Bxb6 exd4 32. exd4 Ke6 33. Bxa5 Kd5 34. Bc3
g5 35. Ke2 h5 36. Ke3 Be8 37. h4 f4+ 38. gxf4 gxh4 39. Kf3 Bd7 40. b6 Bg4+ 41.
Kg2 Bc8 42. f5 Kc6 43. f6 Bb7 44. Kh3 Kd7 45. Kxh4 Ke6 46. Kxh5 Kxf6 47. Kg4 Ke6
48. f4 Bc8 49. Kg5 Kf7 50. f5 Bb7 51. Kf4 Kf6 52. d5+ Kf7 53. Ke5 Bc8 54. Kd6
Bb7 55. Kc7 Bxd5 56. b7 Bxb7 57. Kxb7 Ke7 58. a5 Kd6 59. a6 Kd5 60. a7 Ke4 61.
a8=Q Kd3 62. Qh8 Kc2 63. Kb6 Kb3 64. Kc5 Kc2 65. Kxc4 Kb1 66. Qh2 Kc1 67. Qd2+
Kb1 68. Qb2# {Black checkmated} 1-0

[Event "Team 45 45 League T45"]
[Site "Internet Chess Club"]
[Date "2010.05.06"]
[Round "1"]
[White "DavidBarnsley"]
[Black "Jack-ONeill"]
[Result "0-1"]
[WhiteElo "2005"]
[BlackElo "2031"]
[Opening "Three knights: Steinitz, Rosenthal variation"]
[ECO "C46"]
[Time "14:17:00"]
[TimeControl "2700+45"]

1. e4 e5 2. Nf3 Nc6 3. Nc3 g6 4. d4 exd4 5. Nd5 Bg7 6. Bg5 f6 7. Bh4 d6 8. Nxd4
Bd7 9. f4 Nh6 10. Bc4 Nf7 11. O-O O-O 12. Nf3 Kh8 13. Qd2 Bg4 14. h3 Bxf3 15.
Rxf3 Nb8 16. Re1 Nd7 17. Qc3 c6 18. Ne3 Qc7 19. Qb3 Nc5 20. Qa3 Nxe4 21. Ng4 f5
22. Nf2 d5 23. Bd3 Nfd6 24. c3 Rae8 25. Kh1 Ng3+ 26. Bxg3 Rxe1+ 27. Kh2 Ree8 28.
Bf1 Ne4 29. Nd3 Nd2 30. Rf2 Nc4 31. Qb3 Re3 32. Nc5 b6 33. Na6 Qf7 34. Nb4 Qe6
35. Qa4 Na5 36. Nd3 Qe4 37. Qa3 Rxd3 38. Bxd3 Qxd3 39. Qe7 Qe4 40. Qxa7 Nc4 41.
b3 Ne3 42. Qxb6 d4 43. Qc5 dxc3 44. Re2 Nf1+ {White resigns} 0-1

[Event "Team 45 45 League T45"]
[Site "Internet Chess Club"]
[Date "2010.05.11"]
[Round "1"]
[White "Zumbi"]
[Black "siddhu"]
[Result "1-0"]
[WhiteElo "2000"]
[BlackElo "1825"]
[Opening "Petrov: Kaufmann attack"]
[ECO "C42"]
[Time "14:37:06"]
[TimeControl "2700+45"]

1. e4 e5 2. Nf3 Nf6 3. Nxe5 d6 4. Nf3 Nxe4 5. c4 Nc6 6. Nc3 Nxc3 7. dxc3 Bf5 8.
Bd3 Qd7 9. O-O Be7 10. Re1 O-O 11. Bxf5 Qxf5 12. Qd5 Qd7 13. Bf4 Bf6 14. c5 Ne7
15. Qxb7 Rfb8 16. Qe4 d5 17. Qc2 Ng6 18. Bg3 Re8 19. Rxe8+ Rxe8 20. Re1 Rxe1+
21. Nxe1 Qe7 22. Nd3 c6 23. Kf1 Qe4 24. Nb4 Qxc2 25. Nxc2 Be5 26. Bxe5 Nxe5 27.
Ke2 Nd7 28. b4 a6 29. Nd4 Nb8 30. a4 Kf8 31. b5 axb5 32. axb5 cxb5 33. c6 Na6
34. Nxb5 Ke7 35. Kd3 Ke6 36. Kd4 h6 37. c7 Kd7 38. Kxd5 Nxc7+ 39. Nxc7 Kxc7 40.
c4 {Black resigns} 1-0

[Event "Team 45 45 League T45"]
[Site "Internet Chess Club"]
[Date "2010.05.08"]
[Round "1"]
[White "parrot9"]
[Black "Guoruey"]
[Result "0-1"]
[WhiteElo "1678"]
[BlackElo "2001"]
[Opening "Sicilian: Najdorf"]
[ECO "B90"]
[Time "12:04:39"]
[TimeControl "2700+45"]

1. e4 c5 2. Nf3 d6 3. d4 cxd4 4. Nxd4 Nf6 5. Nc3 a6 6. f3 e6 7. Be3 b5 8. Qd2
Nbd7 9. O-O-O Bb7 10. g4 Nb6 11. g5 Nfd7 12. Bd3 Rc8 13. Kb1 Be7 14. h4 Ne5 15.
Qf2 Rxc3 16. bxc3 Na4 17. Ne2 Qc7 18. Bd4 O-O 19. f4 Nxd3 20. cxd3 e5 21. Be3 d5
22. f5 dxe4 23. f6 Ba3 24. fxg7 Rc8 25. d4 b4 26. Rhf1 bxc3 27. Kc2 Qc4 28. Ra1
Qd3+ 29. Kb3 c2+ 30. Kxa4 Bc6+ {White resigns} 0-1

[Event "Team 45 45 League T45"]
[Site "Internet Chess Club"]
[Date "2010.05.10"]
[Round "1"]
[White "TerryMalloy"]
[Black "PandorasBox"]
[Result "1-0"]
[WhiteElo "2131"]
[BlackElo "2066"]
[Opening "French: Tarrasch, closed variation"]
[ECO "C05"]
[Time "17:06:34"]
[TimeControl "2700+45"]

1. e4 e6 2. d4 d5 3. Nd2 Nf6 4. e5 Nfd7 5. Bd3 c5 6. c3 Nc6 7. Ne2 f6 8. Nf4 Qe7
9. Nf3 cxd4 10. cxd4 fxe5 11. dxe5 Ndxe5 12. Nxe5 Nxe5 13. Qh5+ Nf7 14. O-O g6
15. Qe2 Bg7 16. Bb5+ Kf8 17. Bd2 Bxb2 18. Rae1 Qf6 19. Bb4+ Kg7 20. Nxe6+ Bxe6
21. Qxe6 Qxe6 22. Rxe6 Rac8 23. Rd1 a6 24. Bf1 d4 25. Be7 Rhe8 26. Rb1 Bc3 27.
Rxb7 a5 28. g3 Kg8 29. Bb5 Rb8 30. Rxb8 Rxb8 31. a4 Bb4 32. Bf6 Nd6 33. Be5 Rd8
34. Bd3 Bc5 35. Kf1 Kf7 36. Rf6+ Ke7 37. Rf4 Rf8 38. Bxd6+ Bxd6 39. Rh4 Ke6 40.
Rxh7 g5 41. Ke2 Bb4 42. h4 gxh4 43. Rxh4 Kd5 44. Rh5+ Kd6 45. Be4 Bc3 46. f4 Rg8
47. Kf3 Rb8 48. g4 Rb3 49. Rh6+ Kc5 50. g5 Be1+ 51. Kg4 Rg3+ 52. Kf5 d3 53. Rc6+
Kb4 54. Rd6 d2 55. Bc2 Kc3 56. Rc6+ Kd4 57. g6 Rg1 58. Kf6 Bg3 59. Kf7 Rf1 60.
g7 Rxf4+ 61. Kg6 Rg4+ 62. Kh7 {Black resigns} 1-0

[Event "Team 45 45 League T45"]
[Site "Internet Chess Club"]
[Date "2010.05.06"]
[Round "1"]
[White "Dyzfunk"]
[Black "Folgers"]
[Result "0-1"]
[WhiteElo "2047"]
[BlackElo "2031"]
[Opening "QGD Slav: Winawer counter-gambit"]
[ECO "D10"]
[Time "20:00:58"]
[TimeControl "2700+45"]

1. d4 d5 2. c4 c6 3. Nc3 e5 4. dxe5 d4 5. Ne4 Qa5+ 6. Bd2 Qxe5 7. Ng3 Nf6 8. Nf3
Qd6 9. Qb3 Be7 10. Nf5 Bxf5 11. Qxb7 O-O 12. Qxa8 Qc7 13. Nxd4 Bd7 14. Rc1 Na6
15. Nb5 cxb5 16. Qf3 b4 17. e3 Bc6 18. Qf5 g6 19. Qf4 Qa5 20. a3 Ne4 21. c5 Nxd2
22. Bxa6 bxa3 23. b4 Qxa6 24. Kxd2 Rd8+ 25. Ke1 Qd3 26. Qc4 Qd2+ 27. Kf1 Bb5
{White resigns} 0-1

[Event "Team 45 45 League T45"]
[Site "Internet Chess Club"]
[Date "2010.05.09"]
[Round "1"]
[White "allegreison"]
[Black "stevef"]
[Result "1/2-1/2"]
[WhiteElo "1763"]
[BlackElo "1806"]
[Opening "Nimzo-Indian: 4.e3 c5"]
[ECO "E41"]
[Time "16:11:34"]
[TimeControl "2700+45"]

1. d4 Nf6 2. c4 e6 3. Nc3 Bb4 4. e3 c5 5. Bd3 O-O 6. Ne2 b6 7. a3 cxd4 8. exd4
Be7 9. O-O d5 10. cxd5 Nxd5 11. Nxd5 Qxd5 12. Nc3 Qd7 13. d5 e5 14. Qh5 f5 15.
Bb5 Qd6 16. Re1 Nd7 17. Bg5 Nf6 18. Qe2 h6 19. Bxf6 Bxf6 20. Bc6 Rb8 21. Nb5 Qd8
22. Nxa7 Bb7 23. Rac1 Rf7 24. Qb5 Ba8 25. Bxa8 Rxa8 26. Nc6 Qd7 27. Qb3 e4 28.
Rc2 Kh7 29. f3 Re8 30. fxe4 fxe4 31. Rce2 Qf5 32. Qc4 Rd7 33. Nb4 Rd6 34. b3 Ra8
35. Rf1 Qg5 36. Qxe4+ Kh8 37. a4 Rc8 38. Qf5 Qxf5 39. Rxf5 Bd4+ 40. Kf1 Rc1+ 41.
Re1 Rxe1+ 42. Kxe1 Bc3+ 43. Ke2 Bxb4 44. Kd3 g6 45. Re5 Kg7 46. Kc4 Bd2 47. Re2
Bf4 48. g3 Bg5 49. b4 Bd8 50. Rf2 Rf6 51. Re2 Kf7 52. Kb5 Rf5 53. Kc6 Rf3 54.
Kd7 Bf6 55. Re6 Rd3 56. Rxb6 Rxd5+ 57. Kc6 Rd2 58. a5 Rxh2 59. a6 Ra2 60. Rb7+
Ke6 61. a7 Kf5 62. b5 g5 63. Rf7 h5 64. Kb7 h4 65. gxh4 gxh4 66. a8=Q Rxa8 67.
Kxa8 h3 68. Rh7 Kg4 69. b6 Bh4 70. Rg7+ Bg5 71. b7 h2 72. b8=Q h1=Q+ 73. Rb7
Qa1+ 74. Ra7 Qh1+ 75. Rb7 Qa1+ {Game drawn by mutual agreement} 1/2-1/2

[Event "Team 45 45 League T45"]
[Site "Internet Chess Club"]
[Date "2010.05.10"]
[Round "1"]
[White "ChessyNessy"]
[Black "Rhand"]
[Result "1-0"]
[WhiteElo "2037"]
[BlackElo "1902"]
[Opening "Alekhine's defense: Scandinavian variation"]
[ECO "B02"]
[Time "15:00:31"]
[TimeControl "2700+45"]

1. e4 Nf6 2. Nc3 d5 3. exd5 Nxd5 4. Nf3 Bg4 5. h3 Bxf3 6. Qxf3 e6 7. d4 c6 8. a3
Nd7 9. Bd3 N7f6 10. Bd2 Be7 11. O-O O-O 12. Rad1 Rc8 13. Ne4 Nxe4 14. Qxe4 Nf6
15. Qh4 h6 16. c3 c5 17. Rfe1 cxd4 18. cxd4 Nd5 19. Qe4 Nf6 20. Qh4 Nd5 21. Qg3
Qc7 22. Qg4 Nf6 23. Qh4 Nd5 24. Qg4 Nf6 25. Qf3 Rfd8 26. Bf4 Qc6 27. Qe2 a6 28.
Be5 Qd5 29. Rc1 Kf8 30. g4 Qd7 31. h4 Rxc1 32. Rxc1 Rc8 33. Rd1 Ng8 34. Bg3 Bf6
35. Be4 Rd8 36. d5 exd5 37. Rxd5 Qe7 38. Rxd8+ Qxd8 39. h5 Qb6 40. b4 Ne7 41.
Qc4 Nc6 42. Qd5 Qd8 43. Qc5+ Be7 44. Qf5 Bf6 45. Bxc6 bxc6 46. Qc5+ Be7 47. Qxc6
Kg8 48. Kg2 Qd3 49. Qe8+ Bf8 50. a4 Qd5+ 51. Kh2 Qd4 52. b5 Qxg4 53. bxa6 Qxh5+
54. Kg2 Qd5+ 55. Kg1 Qd1+ 56. Kg2 Qd5+ 57. f3 Qd2+ 58. Kh3 Qg5 59. a7 Qf5+ 60.
Kg2 Qc2+ 61. Bf2 Qg6+ 62. Kf1 Qb1+ 63. Qe1 Qd3+ 64. Qe2 Qb1+ 65. Kg2 Qg6+ 66.
Bg3 {Black resigns} 1-0

[Event "Team 45 45 League T45"]
[Site "Internet Chess Club"]
[Date "2010.05.10"]
[Round "1"]
[White "ElCreyente"]
[Black "freestyle"]
[Result "1/2-1/2"]
[WhiteElo "2271"]
[BlackElo "2288"]
[Opening "Sicilian: closed"]
[ECO "B24"]
[Time "18:23:09"]
[TimeControl "2700+45"]

1. e4 c5 2. Nc3 Nc6 3. g3 g6 4. Bg2 Bg7 5. d3 e6 6. Be3 d6 7. Qd2 Nd4 8. Nd1 Ne7
9. c3 Ndc6 10. Bh6 O-O 11. h4 Bxh6 12. Qxh6 Kh8 13. Ne2 Ng8 14. Qd2 e5 15. Ne3
Be6 16. f4 Nh6 17. Nd5 Ng4 18. h5 Ne7 19. Bf3 Nxd5 20. exd5 Bf5 21. Rh4 Nf6 22.
hxg6 fxg6 23. fxe5 dxe5 24. c4 Ne8 25. O-O-O Nd6 26. Rdh1 Rf7 27. g4 Bd7 28. Qe3
Qf6 29. Be4 Rg8 30. g5 Qe7 31. Nc3 Bf5 {Game drawn by mutual agreement} 1/2-1/2